 Dungeon Crawl Stone Soup version 0.19.4-9-g45fd643 (webtiles) character file.

167 Rrauwl the Cudgeler (level 5, 0/27 HPs)
             Began as a Vine Stalker Berserker on Feb 20, 2017.
             Was a Believer of Trog.
             Asphyxiated
             ... on level 3 of the Dungeon.
             The game lasted 00:09:24 (2342 turns).

Rrauwl the Cudgeler (Vine Stalker Berserker)        Turns: 2342, Time: 00:09:24

Health: 0/27       AC:  5    Str: 20    XL:     5   Next: 48%
Magic:  0/15       EV: 11    Int:  7    God:    Trog [**....]
Gold:   185        SH:  0    Dex: 14    Spells: 0 memorised, 4 levels left

rFire  . . .     SeeInvis .     a - +0 mace
rCold  . . .     Gourm    .     e - +0 ring mail
rNeg   . . .     Faith    .     (no shield)
rPois  .         Spirit   +     (no helmet)
rElec  .         Reflect  .     (no cloak)
rCorr  .         Harm     .     (no gloves)
MR     .....                    (no boots)
Stlth  +.........               (no amulet)
                                (no ring)
                                n - ring of magical power

@: lethally poisoned (0 -> -3), slowed, very slow
A: fangs 2, regeneration 1, magic shield, antimagic bite, no device heal 3, rot
immunity
a: Berserk, Trog's Hand, Burn Spellbooks, Renounce Religion


You were on level 3 of the Dungeon.
You worshipped Trog.
Trog was pleased with you.
You were not hungry.

You visited 1 branch of the dungeon, and saw 3 of its levels.

You collected 185 gold pieces.

Inventory:

Hand Weapons
 a - a +0 mace (weapon)
Armour
 e - a +0 ring mail (worn)
Jewellery
 n - a ring of magical power (left hand)
Scrolls
 b - a scroll of teleportation {unknown}
 f - 8 scrolls of identify {unknown}
 k - a scroll of remove curse
 m - a scroll of recharging {unknown}
 o - a scroll of enchant armour {unknown}
 p - a scroll of random uselessness {unknown}
Potions
 g - a potion of curing
 h - 2 potions of degeneration {unknown}
 j - a potion of brilliance {unknown}
 l - a potion of flight {unknown}
Comestibles
 c - 3 bread rations
 d - a beef jerky
 i - 5 meat rations


   Skills:
 - Level 2.6 Fighting
 + Level 5.4 Maces & Flails
 - Level 1.5 Armour
 - Level 1.5 Dodging


You had 4 spell levels left.
You didn't know any spells.

Dungeon Overview and Level Annotations

Branches:
Dungeon (3/15)

Altars:


Innate Abilities, Weirdness & Mutations

You have extremely sharp teeth.
Your natural rate of healing is unusually fast.
When hurt, damage is shared between your health and your magic reserves.
Your bite disrupts and absorbs the magic of your enemies.
Potions and wands cannot restore your health.
You are immune to rotting.


Message History

You have difficulty breathing.
You feel as though you will be slow longer.
You see here a curare-tipped needle.
* * * LOW HITPOINT WARNING * * *
You feel very sick.
The kobold shoots a curare-tipped needle.
The curare-tipped needle closely misses you.
The kobold shoots a curare-tipped needle.
The curare-tipped needle hits you.
You are more poisoned.
You have difficulty breathing.
* * * LOW HITPOINT WARNING * * *
You feel as though you will be slow longer.
You see here a curare-tipped needle.
It was a potion of curing.
Your system rejects the healing.
You feel better.
The kobold shoots a curare-tipped needle.
The curare-tipped needle hits you.
You are poisoned.
You have difficulty breathing.
You die...

#..#... #. #......
#. ##)#### #. ##รท##
#K ##...## #.####
##.....## ##....##
##.......#
#......####.........
#..@......'.........
#..(...####.........
##.((.## ##.......#
##(### ##.....## #.#
##...#.. #.# ##'##..
#.# ######. #.#
#..#..# #.#
#####..#...


You could see a kobold.

Vanquished Creatures
  A howler monkey (D:3)
  Crazy Yiuf (D:3)
  4 adders
  A worm (D:2)
  A dart slug (D:3)
  2 orcs (D:3)
  2 giant cockroaches
  5 goblins
  11 hobgoblins
  3 jackals (D:2)
  A ball python (D:1)
  6 bats
  7 frilled lizards
  9 kobolds
  10 rats
64 creatures vanquished.

Notes
Turn   | Place    | Note
-------+----------+-------------------------------------------
     0 | D:1      | Rrauwl the Vine Stalker Berserker began the quest for the Orb.
     0 | D:1      | Reached XP level 1. HP: 11/11 MP: 2/2
   232 | D:1      | Reached skill level 3 in Maces & Flails
   344 | D:1      | Reached XP level 2. HP: 16/16 MP: 3/3
  1047 | D:2      | Reached XP level 3. HP: 19/19 MP: 4/4
  1099 | D:2      | Found a faded altar of an unknown god.
  1160 | D:2      | Reached ** piety under Trog
  1262 | D:2      | Reached skill level 4 in Maces & Flails
  1490 | D:2      | Gained mutation: Your natural rate of healing is unusually fast. [Vine Stalker growth]
  1490 | D:2      | Reached XP level 4. HP: 16/23 MP: 5/5
  2094 | D:3      | Found a runed door.
  2098 | D:3      | Noticed Crazy Yiuf
  2103 | D:3      | Killed Crazy Yiuf
  2103 | D:3      | Reached skill level 5 in Maces & Flails
  2145 | D:3      | Reached XP level 5. HP: 27/27 MP: 6/6
  2342 | D:3      | Asphyxiated

Skill      XL: |  1  2  3  4 |
---------------+-------------+-----
Maces & Flails | 3 4 5 |  5.4
Fighting       | |  2.6
Armour         | |  1.5
Dodging        | |  1.5

Action                   |  1- 3 |  4- 6 || total
-------------------------+-------+-------++-------
Melee: Mace              |   112 |    73 ||   185
       Bite              |    27 |    19 ||    46
Invok: Berserk           |       |     1 ||     1
  Use: Scroll            |       |     1 ||     1
       Potion            |       |     1 ||     1
  Eat: Chunk             |     2 |     4 ||     6
Armor: Ring mail         |    43 |    26 ||    69
Dodge: Dodged            |    54 |    41 ||    95
